 Dungeon Crawl Stone Soup version 0.28-b1-70-g80dc712255 (webtiles) character file.

Game seed: 16570933869412966527

18825 growler the Zephyrmancer (level 12, -8/75 HPs)
             Began as a Tengu Air Elementalist on Feb 3, 2022.
             Was a Priest of Vehumet.
             Mangled by a red ugly thing (18 damage)
             ... on level 11 of the Dungeon.
             The game lasted 00:43:15 (22216 turns).

growler the Zephyrmancer (Tengu Air Elementalist)  Turns: 22216, Time: 00:43:15

Health: -8/75      AC: 10    Str: 10    XL:     12   Next: 62%
Magic:  0/20       EV: 21    Int: 19    God:    Vehumet [***...]
Gold:   693        SH:  7    Dex: 18    Spells: 11/21 levels left

rFire   . . .      SeeInvis .   g - +0 whip (venom)
rCold   . . .      Faith    .   f - +0 buckler
rNeg    . . .      Spirit   .   M - +2 robe "Lyit Myew" {Dex+3}
rPois   .          Reflect  .   (helmet restricted)
rElec   .          Harm     .   I - +0 cloak
rCorr   .          Rampage  .   c - +0 pair of gloves
Will    +....                   (boots unavailable)
Stlth   ++........              (no amulet)
HPRegen 0.22/turn               h - ring of willpower
MPRegen 0.17/turn               w - +4 ring of protection

@: flying quickly and evasively, quick
A: beak, talons 3, nimble flight
a: Renounce Religion


You were on level 11 of the Dungeon.
You worshipped Vehumet.
Vehumet was most pleased with you.
You visited 2 branches of the dungeon, and saw 12 of its levels.
You also visited: Bailey.

You collected 693 gold pieces.

Inventory:

Hand Weapons
 g - a +0 whip of venom (weapon)
   (You took it off a kobold on level 1 of the Dungeon)
 H - the +12 executioner's axe "Ferish" {drain, Str+2 Stlth+}
   (You found it in a bailey)

   A truly terrible weapon, it drains the life of any living foe it strikes.
   Str:       It affects your strength (+2).
   Stlth:     It makes you more stealthy.
 N - a +6 triple sword of flaming
   (You found it in a bailey)
Armour
 a - a +0 robe
 c - a +0 pair of gloves (worn)
   (You found it on level 1 of the Dungeon)
 f - a +0 buckler (worn)
   (You found it on level 1 of the Dungeon)
 I - a +0 cloak (worn)
   (You found it on level 8 of the Dungeon)
 L - the +7 Kryia's mail coat {PotionHeal*2 rC+}
   (You found it on level 9 of the Dungeon)

   Potions are twice as effective at healing its wearer.
   rC:        It protects you from cold.
 M - the +2 robe "Lyit Myew" (worn) {Dex+3}
   (You found it on level 10 of the Dungeon)

   Dex:       It affects your dexterity (+3).
Jewellery
 h - a ring of willpower (left hand)
   (You found it on level 1 of the Dungeon)
 i - a ring of protection from fire
   (You found it on level 8 of the Dungeon)
 m - a ring of ice
   (You found it on level 2 of the Dungeon)
 o - a ring of protection from cold
   (You found it on level 10 of the Dungeon)
 w - a +4 ring of protection (right hand)
   (You found it on level 4 of the Dungeon)
 R - an amulet of reflection
   (You took it off an orc warrior on level 11 of the Dungeon)
Wands
 d - a wand of iceblast (7)
   (You found it on level 11 of the Dungeon)
 u - a wand of paralysis (4)
   (You found it on level 3 of the Dungeon)
 v - a wand of digging (8)
   (You found it on level 6 of the Dungeon)
 A - a wand of polymorph (10)
   (You found it on level 5 of the Dungeon)
 K - a wand of mindburst (4)
   (You found it on level 9 of the Dungeon)
 O - a wand of charming (3)
   (You took it off an orc on level 8 of the Dungeon)
Scrolls
 j - 2 scrolls of blinking {unknown}
 k - a scroll of fog
 p - 3 scrolls of amnesia
 s - a scroll of magic mapping
 t - a scroll of enchant weapon {unknown}
 y - 3 scrolls of fear
 C - 3 scrolls of teleportation {@r4}
 D - a scroll of noise {unknown}
 E - 2 scrolls of acquirement
 F - a scroll of enchant armour {unknown}
 J - a scroll of vulnerability {unknown}
 P - 2 scrolls of identify {@r1}
Potions
 b - 8 potions of flight {unknown}
 e - 3 potions of degeneration {!q}
 l - 3 potions of curing {unknown}
 n - 7 potions of heal wounds {unknown}
 q - 2 potions of mutation {!q}
 r - 3 potions of cancellation
 x - 5 potions of brilliance {unknown}
 z - 2 potions of might
 B - 2 potions of magic
 G - a potion of lignification {!q}
 Q - a potion of haste {unknown}
 S - a potion of berserk rage


   Skills:
 + Level 8.7 Fighting
 + Level 9.9 Dodging
 - Level 2.0 Stealth
 + Level 8.7 Shields
 - Level 5.0 Spellcasting
 - Level 9.0 Conjurations
 + Level 14.9 Air Magic


You had 11 spell levels left.
You knew the following spells:

 Your Spells              Type           Power      Damage    Failure   Level
a - Shock                 Conj/Air       100%       1d9       1%          1
b - Airstrike             Air            28%        N/A       1%          4
d - Static Discharge      Conj/Air       50%        N/A       1%          2
s - Swiftness             Air            57%        N/A       1%          3

Your spell library contained the following spells:

 Spells                   Type           Power      Damage    Failure   Level
 Sticky Flame             Conj/Fire      21%        2d4       7%          4
 Foxfire                  Conj/Fire      84%        2x1d8     1%          1
 Corpse Rot               Necr/Air       66%        N/A       1%          2
 Conjure Flame            Conj/Fire      21%        6-21      1%          3
 Stone Arrow              Conj/Erth      42%        3d9       1%          3
 Sandblast                Erth           8%         2d5       4%          1
 Flame Wave               Conj/Fire      21%        2d7       7%          4
 Frozen Ramparts          Ice            8%         1d2       12%         3
 Inner Flame              Hex/Fire       4%         N/A       12%         3
 Animate Skeleton         Necr           8%         N/A       16%         1
 Pain                     Necr           16%        1d4       16%         1
 Passwall                 Tmut/Erth      3%         N/A       22%         2
 Call Canine Familiar     Summ           4%         N/A       41%         3
 Portal Projectile        Hex/Tloc       8%         N/A       41%         3
 Vampiric Draining        Necr           4%         2d6       41%         3
 Lee's Rapid Deconstruct  Erth           2%         3d5*      67%         5
 Animate Armour           Summ/Erth      8%         N/A       83%         4
 Cause Fear               Hex            2%         N/A       83%         4
 Dispel Undead            Necr           4%         3d7       83%         4
 Ice Form                 Ice/Tmut       4%         N/A       83%         4
 Leda's Liquefaction      Hex/Erth       2%         N/A       83%         4
 Summon Ice Beast         Ice/Summ       4%         N/A       83%         4
 Agony                    Necr           4%         N/A       99%         5
 Alistair's Intoxication  Tmut/Pois      2%         N/A       99%         5
 Borgnjor's Vile Clutch   Necr/Erth      2%         N/A       99%         5
 Excruciating Wounds      Necr           2%         N/A       99%         5
 Summon Forest            Summ/Tloc      2%         N/A       99%         5
 Summon Mana Viper        Hex/Summ       4%         N/A       99%         5
 Eringya's Noxious Bog    Tmut/Pois      2%         N/A       99%         6
 Death Channel            Necr           2%         N/A       100%        6
 Statue Form              Tmut/Erth      2%         N/A       100%        6
 Summon Cactus Giant      Summ           2%         N/A       100%        6
 Dragon Form              Tmut           2%         N/A       100%        7
 Malign Gateway           Summ/Tloc      2%         N/A       100%        7
 Infestation              Necr           2%         N/A       100%        8
 Summon Horrible Things   Summ           2%         N/A       100%        8
 Dragon's Call            Summ           2%         N/A       100%        9


Dungeon Overview and Level Annotations

Branches:
Dungeon (11/15)            Temple (1/1) D:6            Lair (0/6) D:9
 Bailey (visited)
    Orc: D:9-12

Altars:
Ashenzari
Cheibriados
Dithmenos
Elyvilon
Fedhas
Gozag
Hepliaklqana
Kikubaaqudgha
Makhleb
Nemelex Xobeh
Okawaru
Qazlal
Ru
Sif Muna
Uskayaw
Vehumet
Wu Jian
Xom
Yredelemnul
Zin
The Shining One

Shops:
D:10 (

Annotations:
D:6 2 transporters, HeliumTrimp's ghost, novice FoFi
D:7 2 transporters, WaxSun's ghost, novice FoCK
D:9 1 runed translucent door


Innate Abilities, Weirdness & Mutations

You have a beak for a mouth.
You have claws for feet.
Your magical nature lets you fly swiftly and evasively.


Message History

The lightning grounds out.
The yak is struck by an arc of lightning!
You kill the yak!
Vehumet accepts your kill.
You feel your power returning.
The lightning grounds out.
The yak closely misses you.
The yak is struck by an arc of lightning!
You kill the yak!
Vehumet accepts your kill.
You are struck by an arc of lightning.
The lightning grounds out.
You reach down and close the door.
You start resting.
A red ugly thing opens the door.
Aim: a red ugly thing (empty space bonus: 7/8)
The air twists around and strikes the red ugly thing!
The red ugly thing barely misses you.
Aim: a red ugly thing (moderately wounded, empty space bonus: 7/8)
The air twists around and strikes the red ugly thing!
The red ugly thing completely misses you.
Aim: a red ugly thing (moderately wounded, empty space bonus: 7/8)
The air twists around and strikes the red ugly thing!
You block the red ugly thing's attack.
Aim: a red ugly thing (heavily wounded, empty space bonus: 7/8)
The air twists around and strikes the red ugly thing!
The red ugly thing kicks you.
You are engulfed in flames!!
Aim: a red ugly thing (severely wounded, empty space bonus: 7/8)
The air twists around and strikes the red ugly thing!
The red ugly thing kicks you but does no damage.
The red ugly thing closely misses you.
There is an open door here.
The red ugly thing kicks you.
You are engulfed in flames!
* * * LOW HITPOINT WARNING * * *
The red ugly thing is struck by an arc of lightning.
You are struck by an arc of lightning.
* * * LOW HITPOINT WARNING * * *
The red ugly thing is struck by an arc of lightning.
You are struck by an arc of lightning.
* * * LOW HITPOINT WARNING * * *
The lightning grounds out.
You block the red ugly thing's attack.
There is an open door here.
The red ugly thing is struck by an arc of lightning.
You are struck by an arc of lightning.
* * * LOW HITPOINT WARNING * * *
The red ugly thing is struck by an arc of lightning.
You are struck by an arc of lightning.
* * * LOW HITPOINT WARNING * * *
The lightning grounds out.
The red ugly thing kicks you!
* * * LOW HITPOINT WARNING * * *
You are engulfed in flames!!
You die...

#.# #.# #### ##.# #.# #..# ##.#
#.## #).# ##'##### #)## .......#
#.# .......# #.# ############
.......# ###.######...........
...>...######..u@......##########
.......'......#.########
.......########.# #'###### #.#
#..# #.# ##'##### ####.#######
##### #......# #...<......#
####.... #......#
###.)........####..'....
#......###.................##....


You could see a red ugly thing.

Vanquished Creatures
  A boulder beetle (D:11)
  2 hydras
  A centaur warrior (D:8)
  Urug (D:10)
  4 two-headed ogres (D:11)
  Pikel (D:5)
  An orc knight (Bailey)
  A manticore (D:8)
  A cyclops (D:11)
  2 trolls
  Grinder (D:5)
  Prince Ribbit (D:6)
  A meliai zombie (D:11)
  A shadow (D:8)
  4 wyverns
  A basilisk (D:11)
  10 yaks
  3 steam dragons (D:7)
  Grum (D:9)
  An acid dragon (D:11)
  Edmund (D:4)
  6 water moccasins
  2 ice beasts
  A sky beast (D:4)
  19 orc warriors
  4 black bears
  2 necrophages
  An ogre (D:5)
  4 wolves (D:9)
  2 centaurs
  A kobold brigand (D:6)
  3 bullfrogs
  3 scorpions
  3 gnoll sergeants (D:9)
  A wyvern zombie (D:8)
  A water moccasin zombie (D:5)
  A wyvern skeleton (D:7)
  A water moccasin skeleton (D:5)
  9 wights
  A killer bee (D:8)
  A howler monkey (D:4)
  6 centaur zombies
  A bullfrog zombie (D:7)
  12 hounds
  A jelly (D:6)
  5 orc priests
  2 gnoll shamans
  A bullfrog skeleton (D:7)
  2 iguanas
  Natasha (thrice) (D:4)
  11 orc wizards
  A hound skeleton (D:5)
  12 gnolls
  5 adders
  2 white imps (D:6)
  An ufetubus (D:4)
  A dart slug (D:1)
  47 orcs
  9 ball pythons
  8 endoplasms
  8 giant cockroaches
  12 goblins
  8 hobgoblins
  4 jackals
  A quokka (D:5)
  2 bats (D:1)
  7 frilled lizards
  A jackal skeleton (D:9)
  A jackal zombie (D:9)
  12 kobolds
  6 rats
298 creatures vanquished.

Vanquished Creatures (others)
  A fungus (D:9)
  19 plants
20 creatures vanquished.

Grand Total: 318 creatures vanquished

Notes
Turn   | Place    | Note
-------+----------+-------------------------------------------
     0 | D:1      | growler the Tengu Air Elementalist began the quest for the
                  | Orb.
     0 | D:1      | Reached XP level 1. HP: 10/10 MP: 4/4
   336 | D:1      | Reached XP level 2. HP: 13/15 MP: 0/6
   425 | D:1      | Learned a level 2 spell: Static Discharge
  1119 | D:1      | Reached XP level 3. HP: 19/19 MP: 5/7
  1123 | D:1      | Learned a level 3 spell: Swiftness
  1185 | D:1      | Found a faded altar of an unknown god.
  2382 | D:2      | Reached XP level 4. HP: 17/24 MP: 0/9
  2623 | D:3      | Found a glowing golden altar of the Shining One.
  2695 | D:3      | Found a sacrificial altar of Ru.
  3051 | D:3      | Found a snail-covered altar of Cheibriados.
  3083 | D:3      | Found a stormy altar of Qazlal.
  3086 | D:3      | Reached skill level 5 in Air Magic
  3702 | D:4      | Found a broken altar of Ashenzari.
  3702 | D:4      | Found a white marble altar of Elyvilon.
  3759 | D:4      | Noticed Edmund
  3851 | D:4      | Killed Edmund
  3852 | D:4      | Gained mutation: Your magical nature lets you fly swiftly
                  | and evasively. [Tengu growth]
  3852 | D:4      | Reached XP level 5. HP: 11/28 MP: 0/11
  3859 | D:4      | Learned a level 4 spell: Airstrike
  4162 | D:4      | Noticed a sky beast
  4333 | D:4      | Killed a sky beast
  4334 | D:4      | Reached skill level 6 in Air Magic
  4334 | D:4      | Reached XP level 6. HP: 20/32 MP: 1/12
  4684 | D:4      | Reached skill level 5 in Conjurations
  5011 | D:4      | Noticed Natasha
  5020 | D:4      | Killed Natasha
  5052 | D:4      | Noticed Natasha
  5059 | D:4      | Killed Natasha
  5060 | D:4      | Reached XP level 7. HP: 29/36 MP: 5/14
  5697 | D:4      | Noticed Natasha
  5702 | D:4      | Killed Natasha
  5913 | D:4      | Found a white marble altar of Elyvilon.
  5935 | D:4      | Found a broken altar of Ashenzari.
  6472 | D:5      | Entered Level 5 of the Dungeon
  6481 | D:5      | Reached skill level 7 in Air Magic
  7132 | D:5      | Reached XP level 8. HP: 36/41 MP: 11/16
  7249 | D:5      | Noticed Pikel
  7290 | D:5      | Killed Pikel
  7291 | D:5      | Reached skill level 5 in Spellcasting
  7291 | D:5      | Reached skill level 9 in Air Magic
  7451 | D:5      | Noticed Grinder
  7458 | D:5      | Killed Grinder
  7572 | D:5      | Reached skill level 10 in Air Magic
  7978 | D:6      | Reached XP level 9. HP: 46/46 MP: 9/17
  8107 | D:6      | Reached skill level 1 in Fighting
  8107 | D:6      | Reached skill level 1 in Shields
  8440 | D:6      | Found a transporter.
  8858 | D:6      | Found a staircase to the Ecumenical Temple.
  8862 | D:6      | Got Myrul's Disquisition on Ashen Unholy Secrets
  8865 | Temple   | Entered the Ecumenical Temple
  8986 | Temple   | Became a worshipper of Vehumet
  9039 | D:6      | Noticed Prince Ribbit
  9045 | D:6      | Killed Prince Ribbit
  9346 | D:6      | Found a transporter.
  9348 | D:6      | Noticed HeliumTrimp's ghost (novice FoFi)
 10118 | D:7      | Identified the +8 great mace of Valuable Assets {flame,
                  | Dex+5}
 10118 | D:7      | Identified the +9 dire flail "Yfopumiy" {freeze, *Rage
                  | rC+++ SInv}
 10118 | D:7      | Noticed a two-headed ogre
 10118 | D:7      | Noticed WaxSun's ghost (novice FoCK)
 10128 | D:7      | Reached skill level 11 in Air Magic
 10292 | D:7      | Found a transporter.
 10607 | D:7      | Found a transporter.
 11004 | D:7      | Reached XP level 10. HP: 42/56 MP: 5/18
 11156 | D:7      | Found a shimmering blue altar of Sif Muna.
 11216 | D:8      | Reached skill level 5 in Dodging
 12228 | D:8      | Noticed a six-headed hydra
 12626 | D:8      | Reached * piety under Vehumet
 12626 | D:8      | Offered knowledge of Freeze by Vehumet.
 12756 | D:8      | Reached skill level 12 in Air Magic
 12968 | D:8      | Reached skill level 5 in Shields
 12998 | D:8      | Reached skill level 5 in Fighting
 13678 | D:8      | Noticed a manticore
 13678 | D:8      | Noticed a centaur warrior
 13836 | D:8      | Killed a six-headed hydra
 14116 | D:8      | Killed a manticore
 14672 | D:8      | Killed a centaur warrior
 14673 | D:8      | Reached XP level 11. HP: 34/64 MP: 2/19
 15907 | D:9      | Offered knowledge of Poisonous Vapours by Vehumet.
 16073 | D:9      | Found a hazy altar of Hepliaklqana.
 16092 | D:9      | Found an ornate altar of the Wu Jian Council.
 16106 | D:9      | Reached ** piety under Vehumet
 16263 | D:9      | Reached skill level 13 in Air Magic
 16822 | D:9      | Found a staircase to the Lair.
 17040 | D:9      | Found the +7 Kryia's mail coat {PotionHeal*2 rC+}
 17048 | D:9      | Found a runed translucent door.
 17053 | D:9      | Found a basalt altar of Yredelemnul.
 17361 | D:9      | Offered knowledge of Searing Ray by Vehumet.
 17424 | D:9      | Noticed Grum
 17428 | D:9      | Killed Grum
 17598 | D:10     | Entered Level 10 of the Dungeon
 17608 | D:10     | Identified the +2 robe "Lyit Myew" {Dex+3}
 17841 | D:10     | Found a flagged portal.
 17869 | Bailey   | Entered a bailey
 18267 | Bailey   | Reached *** piety under Vehumet
 18739 | Bailey   | Identified the +12 executioner's axe "Ferish" {drain, Str+2
                  | Stlth+}
 18741 | Bailey   | Noticed an orc knight
 18998 | Bailey   | Killed an orc knight
 19591 | D:10     | Noticed Urug
 19600 | D:10     | Killed Urug
 19861 | D:10     | Found Ezavezidgh's Antique Weapon Emporium.
 19892 | D:10     | Reached skill level 14 in Air Magic
 19892 | D:10     | Reached XP level 12. HP: 63/73 MP: 9/20
 20107 | D:10     | Found an iron altar of Okawaru.
 20398 | D:11     | Noticed a two-headed ogre
 20401 | D:11     | Killed a two-headed ogre
 20494 | D:11     | Offered knowledge of Sticky Flame by Vehumet.
 20588 | D:11     | Noticed a two-headed ogre
 20590 | D:11     | Noticed a boulder beetle
 20592 | D:11     | Killed a two-headed ogre
 20847 | D:11     | Noticed a two-headed ogre
 20854 | D:11     | Killed a two-headed ogre
 20906 | D:11     | Killed a boulder beetle
 21106 | D:11     | Noticed an eight-headed hydra
 21128 | D:11     | Killed an eight-headed hydra
 21351 | D:11     | Noticed a two-headed ogre
 21399 | D:11     | Killed a two-headed ogre
 22216 | D:11     | Mangled by a red ugly thing

Illustrated notes

Levels and vault maps discovered:
D:1:      dpeg_arrival_lava_temple_mockup, layout_loops_corners,
          hellmonk_ecumenical_altar_lost_god, corexii_leaking_fountain
D:2:      layout_basic
D:3:      layout_basic, mainiacjoe_overflow_paths,
          mainiacjoe_overflow_two_lobes, mainiacjoe_overflow_small_starburst,
          minmay_misc_feat_tiny, kennysheep_small_spiral, st_stairs_3,
          lemuel_old_faithful
D:4:      nicolae_cairo_tiling_large_dashed, layout_basic,
          mainiacjoe_overflow_large_starburst, serial_forest,
          infiniplex_forest_lined_2, infiniplex_forest_diagonal,
          infiniplex_forest_lined_room_2, infiniplex_forest_end_3,
          infiniplex_forest_clump_double, infiniplex_forest_clump_diagonal,
          infiniplex_forest_lined_room_2, infiniplex_forest_3_way, uniq_natasha,
          uniq_edmund
D:5:      layout_loops_ring, uniq_pikel, uniq_grinder
D:6:      layout_loops_ring, minmay_temple_entry_offerings,
          gammafunk_ghost_hive, uniq_prince_ribbit1
D:7:      layout_gridville, led_sif_pool, gammafunk_ghost_smash
D:8:      nzn_winding_woodlands_three_and_one
          [nzn_winding_woodlands_5x15_garden,
          nzn_winding_woodlands_5x15_sawtooth, nzn_winding_woodlands_5x15_cabin,
          nzn_winding_woodlands_center_lodge], layout_rooms,
          hangedman_decor_clover_reticule, roderic_lattice_a
D:9:      layout_big_octagon, nzn_wu_jian_contemplation,
          overflow_temple_1_default, dk_yredelemnul_ordeal,
          minmay_lair_entry_grove, serial_gnoll_camp, gnoll_camp_mini_house,
          gnoll_camp_mini_basic, gnoll_camp_mini_hut, grums_kennel,
          gnoll_camp_mini_house, gnoll_camp_mini_basic
D:10:     layout_stronghold, okawaru_ov_weapons_minmay, serial_shops,
          nicolae_inconvenience_store, enter_bailey_3, uniq_urug
D:11:     layout_roguey, onia_ninara_cookie, uniq_grum
Temple:   minmay_temple_curvy_loop

Skill      XL: |  1  2  3  4  5  6  7  8  9 10 11 12 |
---------------+-------------------------------------+-----
Conjurations   | 2 3 4 5 6 9 |  9.0
Air Magic      | 5 6 7 10 11 12 14 | 14.9
Spellcasting   | 3 4 5 |  5.0
Fighting       | 3 6 7 8 |  8.7
Shields        | 3 6 7 8 |  8.7
Dodging        | 4 7 8 9 |  9.9
Stealth        | |  2.0

Action                   |  1- 3 |  4- 6 |  7- 9 | 10-12 || total
-------------------------+-------+-------+-------+-------++-------
Melee: Unarmed           |     9 |       |       |       ||     9
       Kick              |     3 |     4 |     4 |    43 ||    54
       Whip              |     4 |     7 |    13 |    80 ||   104
       Peck              |       |       |     2 |    27 ||    29
 Cast: Shock             |    78 |    56 |    33 |    10 ||   177
       Static Discharge  |     5 |    10 |    40 |   144 ||   199
       Airstrike         |       |     4 |    61 |   194 ||   259
       Swiftness         |       |       |       |     1 ||     1
Evoke: Wand              |       |       |       |     6 ||     6
  Use: Scroll            |       |     1 |     2 |    10 ||    13
 Stab: Sleeping          |       |       |       |     1 ||     1
Armor: Robe              |     2 |     5 |     9 |    60 ||    76
Dodge: Dodged            |     6 |    15 |    32 |   213 ||   266
Block: Buckler           |       |       |       |    87 ||    87
